 Dungeon Crawl Stone Soup version 0.31-a0-844-gdc52ec4e09 (webtiles) character file.

Game seed: 13345372673916686802

295 BinkBink the Trooper (level 6, -10/56 HPs)
             Began as a Hill Orc Fighter on Sept 30, 2023.
             Mangled by an ogre
             ... wielding a +0 giant spiked club
              (28 damage)
             ... on level 4 of the Dungeon.
             The game lasted 00:02:56 (2082 turns).

BinkBink the Trooper (Hill Orc Fighter)             Turns: 2082, Time: 00:02:56

Health: -10/56     AC:  7    Str: 21    XL:     6   Next: 34%
Magic:  6/6        EV:  9    Int:  8    God:
Gold:   101        SH:  4    Dex: 10    Spells: 5/5 levels left

rFire   . . .        a - +0 war axe
rCold   . . .        c - +0 buckler
rNeg    . . .        b - +0 scale mail
rPois   .            (no helmet)
rElec   .            (no cloak)
rCorr   .            (no gloves)
SInv    .            (no boots)
Will    .....        (no amulet) Stlth
                     (no ring)
HPRegen 0.29/turn    (no ring)
MPRegen 0.10/turn

%: no passive effects
@: no status effects
A: no striking features
a: no special abilities


You were on level 4 of the Dungeon.
You visited 1 branch of the dungeon, and saw 4 of its levels.

You collected 101 gold pieces.

Inventory:

Hand Weapons
 a - a +0 war axe (weapon)
Armour
 b - a +0 scale mail (worn)
 c - a +0 buckler (worn)
Wands
 q - a wand of polymorph (6)
Scrolls
 f - a scroll of noise {unknown}
 j - a scroll of enchant weapon {unknown}
 k - 5 scrolls of identify {unknown}
 l - a scroll of enchant armour {unknown}
 m - 3 scrolls of teleportation {unknown}
 r - a scroll of fog {unknown}
 s - a scroll of vulnerability {unknown}
Potions
 d - a potion of might
 e - a potion of mutation {unknown}
 g - a potion of curing {unknown}
 h - a potion of degeneration {unknown}
 i - a potion of ambrosia {unknown}
 n - a potion of haste {unknown}
 o - a potion of cancellation {unknown}
 p - a potion of enlightenment {unknown}


   Skills:
 + Level 5.1 Fighting
 + Level 4.8 Axes
 + Level 4.7 Armour
 + Level 4.7 Shields


You had 5 spell levels left.
You didn't know any spells.
Your spell library was empty.

Dungeon Overview and Level Annotations

Branches:
Dungeon (4/15)
 Temple: D:4-7

Altars:

Annotations:
D:3 2 transporters, slavik159's ghost, amateur MiHu


Message History

You slash the howler monkey!
You kill the howler monkey!
No target in view!
No target in view!
HP restored.
The orc shouts!
The gnoll shouts!
You hear a shout! x2; You hear an angry hiss.
The orc shouts!
You hear an angry hiss.
You hear a shout! x2
The orc shouts!
The orc shouts!
The orc shouts!
An ogre comes into view. It is wielding a +0 giant spiked club.
A gnoll comes into view. It is wielding a +0 halberd.
The gnoll shouts!
A gnoll comes into view. It is wielding a +0 club.
The gnoll shouts!
You slash the ogre!
The ogre is heavily wounded.
The ogre barely misses you.
An orc comes into view. It is wielding a +0 short sword.
You slash the ogre!
The ogre is severely wounded.
The ogre hits you with a +0 giant spiked club!
You hit the ogre.
The ogre is almost dead.
The ogre hits you with a +0 giant spiked club!
You hit the ogre but do no damage.
The ogre is severely wounded.
A gnoll comes into view. It is wielding a +0 club.
The ogre hits you with a +0 giant spiked club!!
You barely miss the ogre.
The ogre is severely wounded.
The gnoll shouts!
You hear a shout!
An orc comes into view. It is wielding a +0 flail.
You barely miss the ogre.
The ogre is severely wounded.
The orc shouts!
You hear a shout! x2
The ogre hits you with a +0 giant spiked club!!
Ouch! That really hurt!
You die...

#####################...
................@Oo.....
..~≈~~~~~≈~~~~≈~≈~~~~...
..~≈≈~≈≈≈≈≈~≈≈≈≈≈≈≈≈~...
..≈≈#####~~~~~~~~gg~~...
..~≈#ooo#...............
.P~≈#...#############'g'
..≈≈###'# o.. ..~≈~.#.#
.. ..≈≈~.#


You could see an ogre, 3 gnolls and 2 orcs.

Vanquished Creatures
  A phantom (D:4)
  4 howler monkeys (D:4)
  An adder (D:2)
  6 bats
  4 endoplasms
  2 giant cockroaches
  4 goblins
  4 hobgoblins
  9 jackals
  6 kobolds
  2 quokkas (D:1)
  6 ball pythons
  4 frilled lizards
  7 rats
60 creatures vanquished.

Notes
Turn   | Place    | Note
-------+----------+-------------------------------------------
     0 | D:1      | BinkBink the Hill Orc Fighter began the quest for the Orb.
     0 | D:1      | Reached XP level 1. HP: 19/19 MP: 1/1
   140 | D:1      | Reached XP level 2. HP: 27/27 MP: 2/2
   286 | D:1      | Reached skill level 4 in Fighting
   458 | D:1      | Reached XP level 3. HP: 33/33 MP: 3/3
  1705 | D:3      | Reached XP level 4. HP: 34/40 MP: 4/4
  1728 | D:3      | Found a faded altar of an unknown god.
  1822 | D:3      | Found a transporter.
  1825 | D:3      | Found a transporter.
  1825 | D:3      | Noticed slavik159's ghost (amateur MiHu)
  1864 | D:4      | Noticed a phantom
  1873 | D:4      | Killed a phantom
  1874 | D:4      | Reached XP level 5. HP: 47/47 MP: 5/5
  1978 | D:4      | Reached skill level 5 in Fighting
  1978 | D:4      | Reached XP level 6. HP: 55/56 MP: 6/6
  2082 | D:4      | Mangled by an ogre

Illustrated notes

Levels and vault maps discovered:
D:1:      eino_arrival_water_star, layout_loops_ring
D:2:      layout_basic
D:3:      layout_basic, basic_ecumenical_altar, gammafunk_ghost_mausoleum
D:4:      lemuel_castle_with_subvaults [lemuel_castle_interior_original],
          layout_rooms, roderic_serpentine_path, minmay_manual_mess

Skill      XL: |  1  2  3  4  5 |
---------------+----------------+-----
Axes           | 3 4 |  4.8
Fighting       | 4 5 |  5.1
Armour         | 4 |  4.7
Shields        | 4 |  4.7

Action                     |  1- 3 |  4- 6 || total
---------------------------+-------+-------++-------
  Melee: War axe           |   154 |    55 ||   209
 Armour: Scale mail        |   122 |    51 ||   173
  Dodge: Dodged            |    79 |    28 ||   107
  Block: Buckler           |    36 |    12 ||    48

Table legend: (Time is in decaauts)
 A = Elapsed time spent in this place.
 B = Non-inter-level travel time spent in this place.
 C = Inter-level travel time spent in this place.
 D = Time resting spent in this place.
 E = Time spent auto-exploring this place.
 F = Levels seen in this place.
 G = Mean time per level.
                   A        B        C        D        E       F      G
               +--------+--------+--------+--------+--------+-----+--------+
         Total |   2156 |   2139 |     17 |      0 |   1569 |   4 |  539.0 |
       Dungeon |   2156 |   2139 |     17 |      0 |   1569 |   4 |  539.0 |
               +--------+--------+--------+--------+--------+-----+--------+

Top non-repeatable levels by time:
     D:2: 816 daAuts
     D:1: 699 daAuts
     D:3: 397 daAuts
     D:4: 242 daAuts
